Map: Ultralove

Players

Kammer - Winner!

  • Race: Terran Terran
  • Spawn Location: 7:00

VOD

Have the link to the VOD?

Description

Time

  • Played on: Feb. 9, 2025, 7:54 p.m.
  • Length: 13:32
Show
View Real Time Build Order
Export as new Build Order

Kammer Terran - Winner!

Build Orders:  

Get SALT Encoding   

  12  0:01  SCV  
  13  0:18  SCV  
  14  0:28  Supply Depot  
  14  0:35  SCV  
  15  0:58  SCV  
  16  1:02  Barracks  
  16  1:15  SCV  
  17  1:24  Supply Depot  
  17  1:32  SCV  
  18  2:00  Refinery  
  18  2:31  SCV  
  19  2:40  Marine  
  19  2:48  SCV  
  21  2:50  Command Center  
  21  3:04  Supply Depot  
  21  3:05  SCV  
  22  3:23  SCV  
  22  3:26  Marine  
  24  3:40  SCV  
  24  3:44  Barracks  
  25  3:51  Marine  
  26  4:07  SCV  
  27  4:16  Marine  
  27  4:24  SCV  
  28  4:31  SCV  
  29  4:41  Marine  
  29  4:43  Factory  
  29  4:48  SCV  
  31  4:56  Supply Depot  
  31  5:05  SCV  
  31  5:06  Marine  
  33  5:22  SCV  
  33  5:29  Barracks, Marine  
  35  5:31  Marine  
  35  5:39  SCV  
  37  5:46  Hellion  
  39  5:54  Marine  
  39  5:56  Marine, SCV  
  39  5:59  SCV  
  43  6:13  SCV  
  43  6:16  SCV, Hellion  
  43  6:19  Marine  
  48  6:21  Marine  
  48  6:22  Supply Depot  
  49  6:30  Refinery  
  49  6:33  SCV  
  50  6:44  Marine  
  50  6:46  Marine, Hellion  
  54  6:54  Supply Depot  
  54  6:56  SCV  
  56  7:06  SCV  
  56  7:09  Marine  
  57  7:11  Marine  
  57  7:13  SCV  
  57  7:16  Hellion  
  61  7:23  SCV  
  61  7:25  Supply Depot  
  62  7:30  SCV  
  62  7:34  Marine  
  62  7:35  Marine  
  65  7:46  Hellion  
  65  7:47  SCV  
  68  7:59  Marine  
  69  8:00  Marine  
  69  8:04  SCV  
  65  8:16  Hellion  
  62  8:24  Marine  
  62  8:25  Marine  
  62  8:29  Marine  
  63  8:43  SCV  
  63  8:45  SCV  
  63  8:46  Hellion  
  63  8:49  Marine  
  68  8:50  Marine  
  68  8:54  Marine  
  70  9:00  SCV  
  70  9:02  SCV  
  72  9:14  Marine  
  72  9:15  Marine  
  72  9:16  Hellion  
  72  9:19  Marine  
  77  9:39  Marine  
  78  9:40  Marine  
  78  9:44  Marine  
  78  9:46  Hellion  
  82  10:04  Marine  
  82  10:05  Marine  
  82  10:09  Marine  
  83  10:16  Hellion  
  83  10:18  Supply Depot  
  85  10:28  Marine  
  86  10:34  Marine x2  
  86  10:48  Hellion  
  88  10:53  Marine  
  88  10:59  Marine x2  
  89  11:18  Marine, Hellion  
  91  11:24  Marine x2  
  79  11:43  Marine  
  79  11:48  Hellion  
  79  11:49  Marine x2  
  84  12:02  Engineering Bay  
  84  12:08  Marine  
  85  12:14  Marine x2  
  85  12:18  Hellion  
  89  12:33  Marine  
  89  12:39  Marine x2  
  92  12:48  Hellion  
Tags
 
Matchup
Co-op
Add a new tag
Caveats
  • Supply blocks, unpowered buildings, or Contaminate may cause inaccurate times.
  • Supply counts are checked every 10 seconds.